 Dungeon Crawl Stone Soup version 0.26-a0-504-g0cf647090d (webtiles) character file.

Game seed: 12170472102231956085

13 Ge0ff the Ruffian (level 2, -3/23 HPs)
             Began as a Barachi Warper on Aug 8, 2020.
             Slain by a centaur (9 damage)
             ... on level 7 of the Dungeon.
             The game lasted 00:01:33 (147 turns).

Ge0ff the Ruffian (Barachi Warper)                   Turns: 147, Time: 00:01:33

Health: -3/23      AC:  3    Str: 12    XL:     2   Next: 37%
Magic:  5/5        EV: 12    Int: 13    God:
Gold:   0          SH:  0    Dex: 11    Spells: 5/5 levels left

rFire    . . .     SeeInvis .     - Unarmed
rCold    . . .     Faith    .   (no shield)
rNeg     . . .     Spirit   .   a - +0 leather armour
rPois    .         Reflect  .   (no helmet)
rElec    .         Harm     .   (no cloak)
rCorr    .                      (no gloves)
MR       .....                  (no boots)
Stlth    +.........             (no amulet)
HPRegen  0.07/turn              (no ring)
MPRegen  0.09/turn              (no ring)

@: can't hop, very slightly contaminated, slow
A: +LOS, swims, slowness 1, strong legs 1
a: Hop


You were on level 7 of the Dungeon.
You visited 1 branch of the dungeon, and saw 5 of its levels.

Inventory:

Armour
 a - a +0 leather armour (worn)
Scrolls
 D - a scroll of teleportation {unknown}


   Skills:
 - Level 2.4 Fighting
 - Level 1.0 Throwing
 - Level 1.2 Armour
 - Level 2.1 Dodging
 + Level 3.3 Unarmed Combat
 - Level 2.1 Spellcasting
   Level 3.2 Translocations


You had 5 spell levels left.
You didn't know any spells.
Your spell library contained the following spells:

 Spells                   Type           Power        Failure   Level
 Blink                    Tloc           N/A          12%         2
 Gell's Gravitas          Tloc           #.........   24%         3
 Lesser Beckoning         Tloc           #.........   24%         3
 Teleport Other           Tloc           #.......     24%         3
 Passage of Golubria      Tloc           N/A          63%         4


Dungeon Overview and Level Annotations

Branches:
Dungeon (4/15)
 Temple: D:4-7

Altars:


Innate Abilities, Weirdness & Mutations

You can be seen from farther away. (+LOS)
You can swim through water.
You cover ground slowly.
You can hop short distances.


Message History

Use which ability? (? or * to list)
Press: ? - help, Dir - move target cursor Boing!
Found 18 arrows.
Found an escape hatch in the ceiling.
You fall into a shaft and drop 3 floors!
The shaft crumbles and collapses.
A centaur comes into view.
The centaur shouts!
Found 36 gold pieces.
Press: ? - help, Dir - move target cursor You are very lightly contaminated with residual magic.
As you read the scroll of blinking, it crumbles to dust.
The centaur hits you!
* * * LOW HITPOINT WARNING * * *
You aren't carrying any potions.
As you read the scroll labeled XASHAF ZIOWNIANI, it crumbles to dust.
It is a scroll of amnesia.
You feel forgetful for a moment. The centaur barely misses you.
The centaur hits you!
You die...

#.# #.#
#.### #
#.##.
#.#.##.####
#..ยง......#
###.......#
####......#
........@c#
..........#
####....$.#
....#.####
####.#.#
$#.# #


You could see a centaur.

Vanquished Creatures
  An adder (D:3)
  A quokka (D:3)
  A bat (D:2)
  2 rats (D:3)
5 creatures vanquished.

Notes
Turn   | Place    | Note
-------+----------+-------------------------------------------
     0 | D:1      | Ge0ff the Barachi Warper began the quest for the Orb.
     0 | D:1      | Reached XP level 1. HP: 17/17 MP: 3/3
    90 | D:3      | Reached XP level 2. HP: 13/23 MP: 5/5
   145 | D:4      | You fall into a shaft and drop 3 floors!
   145 | D:7      | Noticed a centaur
   147 | D:7      | Slain by a centaur

Illustrated notes

Levels and vault maps discovered:
D:1:      evilmike_arrival_hilbert_curve, layout_loops_ring
D:2:      layout_rooms, serial_curves, eino_curves_03, eino_curves_02,
          eino_curves_03, minmay_heptomino_w4, uniq_terence
D:3:      layout_basic, nicolae_overflow_crystal_walls
D:4:      layout_cave_pods, uniq_menkaure
D:7:      layout_basic

Skill      XL: |  1 |
---------------+----+-----
Unarmed Combat | 3 |  3.3
Fighting       | |  2.4
Throwing       | |  1.0
Armour         | |  1.2
Dodging        | |  2.1
Spellcasting   | |  2.1
Translocations | |  3.2

Action                   || total
-------------------------++-------
Melee: Unarmed           ||    27
Throw: Boomerang         ||     5
 Abil: Hop               ||     2
  Use: Potion            ||     1
       Scroll            ||     3
Armor: Leather armour    ||    12
       Skin              ||     2
Dodge: Dodged            ||    22

Table legend: (Time is in decaauts)
 A = Elapsed time spent in this place.
 B = Non-inter-level travel time spent in this place.
 C = Inter-level travel time spent in this place.
 D = Time resting spent in this place.
 E = Time spent auto-exploring this place.
 F = Levels seen in this place.
 G = Mean time per level.
                   A        B        C        D        E       F      G
               +--------+--------+--------+--------+--------+-----+--------+
         Total |    173 |    173 |      0 |      0 |      0 |   5 |   34.6 |
       Dungeon |    173 |    173 |      0 |      0 |      0 |   5 |   34.6 |
               +--------+--------+--------+--------+--------+-----+--------+

Top non-repeatable levels by time:
     D:3: 109 daAuts
     D:2: 39 daAuts
     D:4: 18 daAuts
     D:1: 4 daAuts
     D:7: 1 daAuts
